 Dungeon Crawl Stone Soup version 0.28.0-47-ge53b351184 (webtiles) character file.

Game seed: 8624550653451508534

192 GigaChad the Skirmisher (level 5, -1/47 HPs)
             Began as a Minotaur Fighter on May 9, 2022.
             Slain by an orc wizard
             ... wielding a +0 dagger
              (3 damage)
             ... on level 3 of the Dungeon.
             The game lasted 00:04:20 (1859 turns).

GigaChad the Skirmisher (Minotaur Fighter)          Turns: 1859, Time: 00:04:21

Health: -1/47      AC: 12    Str: 21    XL:     5   Next: 42%
Magic:  4/4        EV: 10    Int:  5    God:
Gold:   98         SH:  0    Dex: 11    Spells: 4/4 levels left

rFire   . . .      SeeInvis .   a - +0 long sword
rCold   . . .      Faith    .   c - +0 buckler
rNeg    . . .      Spirit   .   g - +0 plate armour
rPois   .          Reflect  .   (helmet restricted)
rElec   .          Harm     .   h - scarf {repulsion}
rCorr   .          Rampage  .   (no gloves)
Will    .....                   (no boots)
Stlth   ..........              (no amulet)
HPRegen 0.15/turn               i - +4 ring of evasion
MPRegen 0.09/turn               (no ring)

@: confused, repel missiles
A: horns 2, retaliatory headbutt
a: no special abilities


You were on level 3 of the Dungeon.
You visited 1 branch of the dungeon, and saw 3 of its levels.

You collected 98 gold pieces.

Inventory:

Hand Weapons
 a - a +0 long sword (weapon)
 k - a +0 great sword
Armour
 b - a +0 scale mail
 c - a +0 buckler (worn)
 g - a +0 plate armour (worn)
 h - a scarf of repulsion (worn)
Jewellery
 e - an amulet of reflection
 i - a +4 ring of evasion (left hand)
Scrolls
 f - 2 scrolls of fog {unknown}
 l - a scroll of torment {unknown}
Potions
 d - a potion of might
 j - a potion of resistance {unknown}


   Skills:
 + Level 4.8 Fighting
 + Level 4.3 Long Blades
 + Level 4.8 Armour
 + Level 0.7 Dodging
 + Level 0.2 Stealth
 + Level 4.3 Shields


You had 4 spell levels left.
You didn't know any spells.
Your spell library contained the following spells:

 Spells                   Type           Power      Damage    Failure   Level
 Malign Gateway           Summ/Tloc      0%         N/A       100%        7
 Summon Horrible Things   Summ           0%         N/A       100%        8


Dungeon Overview and Level Annotations

Branches:
Dungeon (3/15)

Altars:


Innate Abilities, Weirdness & Mutations

You have a pair of horns on your head.
You reflexively headbutt those who attack you in melee.


Message History

The orc hits you with a +0 club. Something hits you but does no damage.
You miss something. You block the orc's attack. You block something's attack.
You closely miss something.
A bat comes into view.
The orc hits you but does no damage.
The orc priest calls down the wrath of Beogh upon you.
Pain shoots through your body! Something hits you but does no damage.
The orc barely misses you. You furiously retaliate!
You headbutt the orc!
You kill the orc!
Something hits you. You block the orc priest's attack.
You hit something. The bat barely misses you.
The orc priest mumbles some strange prayers to Beogh against you.
Beogh smites you!
* * * LOW HITPOINT WARNING * * *
You hear some strange, mumbled words.
A puff of flame appears from out of thin air!
The puff of flame misses you.
You miss something. Your headbutt misses something. The bat barely misses you.
The bat closely misses you. You furiously retaliate!
You headbutt the bat!
You kill the bat!
The orc priest barely misses you. You furiously retaliate!
You headbutt the orc priest.
You hear some strange, mumbled words.
Something tries to affect you, but you resist.
The orc priest looks braver for a moment.
Something hits you but does no damage. Something hits you but does no damage.
You hit something. Your headbutt misses something.
Something hits you but does no damage.
The orc priest calls down the wrath of Beogh upon you.
Beogh smites you!
* * * LOW HITPOINT WARNING * * *
You barely miss something.
You hear some strange, mumbled words.
You are confused.
The orc priest hits you but does no damage.
Something hits you but does no damage.
The orc priest hits you but does no damage.
You miss something. Something hits you.
You die...

######## .......#
......># .....#
....# # # #..# .#
###. #.## ..#
.....###@.#..#
#.....{o).##
##.###..†...#
#...<..#.##..<#
#....#####..###...
#..## ..... ## .
...... .......
.......#


You could see an orc priest.

Vanquished Creatures
  Pargi (D:3)
  3 gnolls (D:2)
  An adder (D:2)
  2 worms (D:2)
  A dart slug (D:1)
  An orc (D:3)
  5 bats
  2 endoplasms
  3 giant cockroaches
  4 goblins
  5 hobgoblins
  2 jackals (D:1)
  4 quokkas (D:2)
  5 ball pythons
  2 frilled lizards (D:2)
  7 kobolds
  6 rats (D:1)
54 creatures vanquished.

Notes
Turn   | Place    | Note
-------+----------+-------------------------------------------
     0 | D:1      | GigaChad the Minotaur Fighter began the quest for the Orb.
     0 | D:1      | Reached XP level 1. HP: 19/19 MP: 0/0
   219 | D:1      | Reached XP level 2. HP: 23/27 MP: 1/1
   631 | D:1      | Reached XP level 3. HP: 27/33 MP: 2/2
  1144 | D:2      | Reached XP level 4. HP: 13/41 MP: 3/3
  1836 | D:3      | Noticed Pargi
  1849 | D:3      | Killed Pargi
  1850 | D:3      | Reached XP level 5. HP: 37/47 MP: 4/4
  1857 | D:3      | HP: 1/47 [orc priest/divine providence (10)]
  1859 | D:3      | Slain by an orc wizard

Illustrated notes

Levels and vault maps discovered:
D:1:      amcnicky_arrival_abandoned_market, layout_loops_ring, minmay_tall_x
D:2:      layout_basic
D:3:      layout_rooms, basic_ecumenical_altar, gammafunk_ghost_gnarly_gnolls,
          uniq_pargi

Skill      XL: |  1  2  3  4 |
---------------+-------------+-----
Armour         | 4 |  4.8
Fighting       | 4 |  4.8
Shields        | 4 |  4.3
Long Blades    | 3 4 |  4.3
Dodging        | |  0.7
Stealth        | |  0.2

Action                   |  1- 3 |  4- 6 || total
-------------------------+-------+-------++-------
Melee: Long sword        |    95 |    39 ||   134
       Headbutt          |    10 |     9 ||    19
Armor: Scale mail        |    12 |       ||    12
       Plate armour      |    60 |    45 ||   105
Dodge: Dodged            |    46 |    39 ||    85
Block: Buckler           |    20 |    19 ||    39
